 Dungeon Crawl Stone Soup version 0.27-a0-909-g0721f309d1 (webtiles) character file.

Game seed: 3279416760769173224

40 DarkShadow the Covered (level 3, -1/33 HPs)
             Began as a Minotaur Fighter on Apr 8, 2021.
             Slain by Sigmund
             ... wielding a +0 scythe
              (7 damage)
             ... on level 2 of the Dungeon.
             The game lasted 00:02:15 (1479 turns).

DarkShadow the Covered (Minotaur Fighter)           Turns: 1479, Time: 00:02:15

Health: -1/33      AC:  7    Str: 20    XL:     3   Next: 30%
Magic:  2/2        EV:  7    Int:  5    God:
Gold:   56         SH:  0    Dex: 10    Spells: 2/2 levels left

rFire    . . .     SeeInvis .   a - +0 war axe
rCold    . . .     Faith    .   c - +0 kite shield
rNeg     . . .     Spirit   .   b - +0 scale mail
rPois    .         Reflect  .   (helmet restricted)
rElec    .         Harm     .   (no cloak)
rCorr    .         Rampage  .   (no gloves)
Will     .....                  (no boots)
Stlth    ..........             (no amulet)
HPRegen  0.11/turn              (no ring)
MPRegen  0.08/turn              (no ring)

@: confused, mighty
A: horns 2, retaliatory headbutt
a: no special abilities


You were on level 2 of the Dungeon.
You visited 1 branch of the dungeon, and saw 2 of its levels.

You collected 56 gold pieces.

Inventory:

Hand Weapons
 a - a +0 war axe (weapon)
Armour
 b - a +0 scale mail (worn)
 c - a +0 kite shield (worn)
Scrolls
 e - a scroll of blinking {unknown}
 f - a scroll of immolation {unknown}
Potions
 g - a potion of heal wounds {unknown}


   Skills:
 + Level 3.8 Fighting
 + Level 3.1 Axes
 + Level 4.4 Armour
 + Level 4.0 Shields


You had 2 spell levels left.
You didn't know any spells.
Your spell library was empty.

Dungeon Overview and Level Annotations

Branches:
Dungeon (2/15)

Altars:

Annotations:
D:2 Sigmund


Innate Abilities, Weirdness & Mutations

You have a pair of horns on your head.
You reflexively headbutt those who attack you in melee.


Message History

You are confused.
A hobgoblin comes into view.
Sigmund points at you and mumbles some strange words.
You resist with significant effort.
The hobgoblin shouts!
You hear a shout!
Sigmund barely misses you.
An endoplasm comes into view.
The kobold hits you but does no damage.
Sigmund gestures at himself while chanting.
Sigmund flickers and vanishes!
Deactivating autopickup; reactivate with Ctrl-A.
The kobold hits you but does no damage. Something hits you.
You slash the kobold!
You kill the kobold!
A goblin comes into view. It is wielding a +0 dagger.
Something hits you.
You bump into the rock wall.
Something hits you.
A giant cockroach comes into view.
You feel less confused. Something hits you! The hobgoblin barely misses you.
Something hits you!
* * * LOW HITPOINT WARNING * * *
The hobgoblin barely misses you. The goblin barely misses you.
You closely miss something. Your headbutt misses something.
You slash the goblin!
You kill the goblin!
You slash the hobgoblin!
You kill the hobgoblin!
You block something's attack. The endoplasm barely misses you.
Something hits you but does no damage.
You miss something. Your headbutt misses something. You slash the endoplasm!
You kill the endoplasm!
Something hits you.
* * * LOW HITPOINT WARNING * * *
The giant cockroach closely misses you.
You hear some strange, mumbled words.
You are confused.
A hobgoblin comes into view.
Something hits you!
You die...

##. ##### ##..
##...# # ...#.
>...# .#
#...##...###g##
###..<.........##
..........)......
#P......@B.....#
#..#.#.){###.##
#............#
+..#.....#####
+....###...#
#.##. #.###.### #
#. #.# ... #
#.###.### ##†..#


You could see a giant cockroach and a hobgoblin.

Vanquished Creatures
  A worm (D:2)
  A dart slug (D:1)
  7 endoplasms
  2 goblins
  7 hobgoblins
  2 kobolds
  2 quokkas (D:1)
  A ball python (D:2)
  2 bats
  4 frilled lizards
  2 rats (D:1)
31 creatures vanquished.

Vanquished Creatures (others)
  4 toadstools (D:1)
4 creatures vanquished.

Grand Total: 35 creatures vanquished

Notes
Turn   | Place    | Note
-------+----------+-------------------------------------------
     0 | D:1      | DarkShadow the Minotaur Fighter began the quest for the
                  | Orb.
     0 | D:1      | Reached XP level 1. HP: 19/19 MP: 0/0
   191 | D:1      | Found a faded altar of an unknown god.
   309 | D:1      | Reached XP level 2. HP: 27/27 MP: 1/1
  1159 | D:1      | Reached XP level 3. HP: 32/33 MP: 2/2
  1465 | D:2      | Noticed Sigmund
  1479 | D:2      | Slain by Sigmund

Illustrated notes

Levels and vault maps discovered:
D:1:      ldierk_water_garden, layout_loops_corners, basic_ecumenical_altar
D:2:      cheibrodos_old_hovel, layout_loops_ring, minmay_misc_feat_ornament,
          uniq_robin, uniq_sigmund

Skill      XL: |  1  2 |
---------------+-------+-----
Armour         | 4 |  4.4
Shields        | 4 |  4.0
Axes           | 3 |  3.1
Fighting       | |  3.8

Action                   || total
-------------------------++-------
Melee: War axe           ||    57
       Headbutt          ||    11
  Use: Potion            ||     1
Armor: Scale mail        ||    22
Dodge: Dodged            ||    25
Block: Kite shield       ||    24

Table legend: (Time is in decaauts)
 A = Elapsed time spent in this place.
 B = Non-inter-level travel time spent in this place.
 C = Inter-level travel time spent in this place.
 D = Time resting spent in this place.
 E = Time spent auto-exploring this place.
 F = Levels seen in this place.
 G = Mean time per level.
                   A        B        C        D        E       F      G
               +--------+--------+--------+--------+--------+-----+--------+
         Total |   1516 |   1516 |      0 |      0 |   1131 |   2 |  758.0 |
       Dungeon |   1516 |   1516 |      0 |      0 |   1131 |   2 |  758.0 |
               +--------+--------+--------+--------+--------+-----+--------+

Top non-repeatable levels by time:
     D:1: 1379 daAuts
     D:2: 136 daAuts
